 Dungeon Crawl Stone Soup version 0.31.0-32-g396128a36d (webtiles) character file.

Game seed: 8307214400547059472

175 monsoonserge the Ruffian (level 5, -1/34 HPs)
             Began as an Octopode Shapeshifter on Apr 9, 2024.
             Slain by a steam dragon (5 damage)
             ... on level 3 of the Dungeon.
             The game lasted 00:05:20 (2160 turns).

monsoonserge the Ruffian (Octopode Shapeshifter)    Turns: 2160, Time: 00:05:21

Health: -1/34      AC:  1    Str: 15    XL:     5   Next: 55%
Magic:  5/5        EV: 13    Int: 13    God:
Gold:   100        SH:  0    Dex: 11    Spells: 4/4 levels left

rFire   . .          .
                       - Unarmed
rCold   . . .        (no shield)
rNeg    . . .        (helmet currently unavailable)
rPois   .            (no amulet)
rElec   .            (no ring)
rCorr   .            (no ring)
SInv    .            (no ring)
Will    .....        (no ring)
Stlth   ++           (no ring)
HPRegen 0.25/turn    (no ring)
MPRegen 0.09/turn    (no ring)
                     (no ring)

%: no passive effects
@: beast-form
A: beast (slay +2), almost no armour, amphibious, 8 rings, camouflage 1,
gelatinous body 1, (nimble swimmer 1), tentacles
a: Begin Untransformation


You were on level 3 of the Dungeon.
You were a hulking beast.
You visited 1 branch of the dungeon, and saw 3 of its levels.

You collected 100 gold pieces.

Inventory:

Missiles
 l - 7 poisoned darts (quivered)
 p - 5 darts of dispersal
Jewellery
 q - an amulet of reflection
Talismans
 b - a beast talisman
 c - a flux talisman
 j - a serpent talisman
Wands
 k - a wand of flame (15)
Scrolls
 d - 3 scrolls of teleportation {unknown}
 e - a scroll of fear {unknown}
 g - 5 scrolls of identify {unknown}
 h - 2 scrolls of amnesia {unknown}
 m - a scroll of acquirement {unknown}
 r - a scroll of enchant weapon {unknown}
 s - a scroll of revelation {unknown}
 u - a scroll of enchant armour {unknown}
Potions
 a - a potion of lignification
 f - a potion of degeneration {unknown}
 i - a potion of berserk rage {unknown}
 n - a potion of heal wounds {unknown}
 o - a potion of brilliance {unknown}
 t - a potion of curing {unknown}


   Skills:
 - Level 2.0 Fighting
 - Level 2.0 Dodging
 - Level 1.0 Stealth
 + Level 5.3 Unarmed Combat
 - Level 3.5 Shapeshifting


You had 4 spell levels left.
You didn't know any spells.
Your spell library contained the following spells:

 Spells                   Type           Power      Damage    Failure   Level
 Necrotise                Necr           0%         1d4       30%         1
 Vampiric Draining        Necr           0%         2d6       67%         3
 Martyr's Knell           Necr/Summ      0%         N/A       97%         4
 Curse of Agony           Necr           0%         N/A       100%        5


Dungeon Overview and Level Annotations

Branches:
Dungeon (3/15)

Altars:
Vehumet

Shops:
D:3 !??


Innate Abilities, Weirdness & Mutations

You are a hulking beast.
Your limbs bulge with bestial killing power. (Slay +2)
You cannot wear most types of armour.
You are amphibious.
You can wear up to eight rings at the same time.
Your skin changes colour to match your surroundings (Stealth+).
Your rubbery body absorbs attacks. (AC +1, EV +1)
((You are camouflaged when in or above water. (Stealth+)))
You have tentacles for arms and can constrict up to eight enemies at once.


Message History

s - a scroll labelled PIFIGI OCUGEPH
There is a stone staircase leading down here.
You pick up a book of Necromancy and begin reading...
You add the spells Necrotise, Vampiric Draining, Martyr's Knell and Curse of Agony to your library.
There are no items here.
Okay, then.
t - a ruby potion
There are no items here.
Found Fokk's Magic Scroll Shop.
A bat comes into view.
The bat moves out of view.
u - a scroll labelled HAWERU POOT
There are no items here.
A bat is nearby!
A steam dragon comes into view.
You barely miss the bat. Your grab misses the bat. The bat barely misses you.
The bat misses you. The bat closely misses you.
The bat hits you but does no damage.
You bludgeon the bat!
You kill the bat!
The helpless steam dragon fails to defend itself.
You tentacle-slap the steam dragon.
The steam dragon is lightly wounded.
The steam dragon bites you! The steam dragon closely misses you.
You tentacle-slap the steam dragon but do no damage.
The steam dragon is lightly wounded.
The steam dragon breathes steam at you. The ball of steam misses you.
You tentacle-slap the steam dragon.
The steam dragon is lightly wounded.
You are engulfed in a cloud of scalding steam.
The steam dragon breathes steam at you. The ball of steam misses you.
You bludgeon the steam dragon!
The steam dragon is moderately wounded.
You are engulfed in a cloud of scalding steam.
The steam dragon bites you!
* * * LOW HITPOINT WARNING * * *
The steam dragon claws you.
You die...

#)#...)......####.###
#.##....##...#......#
..##.#####.###......#
...........###....?.#
###..##.##..........#
###.###.######......#
..#.....# #§.....#
#.......# #§§§...#
#.......## #§§h...#
...>.....# #...D..#
.........# #......#
.........# ########
.........#
.............
.............∩
..............
..............


You could see a steam dragon (catching breath).

Vanquished Creatures
  A bombardier beetle (D:3)
  Robin (D:3)
  5 adders
  3 ribbon worms (D:2)
  8 bats
  7 endoplasms
  A giant cockroach (D:1)
  20 goblins
  9 hobgoblins
  3 jackals (D:1)
  5 kobolds
  5 quokkas
  4 ball pythons
  A frilled lizard (D:3)
  3 rats
76 creatures vanquished.

Notes
Turn   | Place    | Note
-------+----------+-------------------------------------------
     0 | D:1      | monsoonserge the Octopode Shapeshifter began the quest for
                  | the Orb.
     0 | D:1      | Reached XP level 1. HP: 13/13 MP: 1/1
   146 | D:1      | Reached skill level 1 in Stealth
   146 | D:1      | Reached XP level 2. HP: 18/18 MP: 2/2
   168 | D:1      | Found a faded altar of an unknown god.
   473 | D:1      | Reached XP level 3. HP: 24/24 MP: 3/3
   995 | D:2      | Found a radiant altar of Vehumet.
  1024 | D:2      | Reached XP level 4. HP: 18/29 MP: 4/4
  1119 | D:2      | Reached skill level 4 in Unarmed Combat
  1807 | D:3      | Reached XP level 5. HP: 34/34 MP: 5/5
  1826 | D:3      | Found Liwnezi's Distillery.
  1965 | D:3      | Reached skill level 5 in Unarmed Combat
  1973 | D:3      | Noticed Robin
  2003 | D:3      | Killed Robin
  2065 | D:3      | Found Feteugo's Magic Scroll Emporium.
  2134 | D:3      | Found Fokk's Magic Scroll Shop.
  2149 | D:3      | Noticed a steam dragon
  2160 | D:3      | Slain by a steam dragon

Illustrated notes

Levels and vault maps discovered:
D:1:      lemuel_arrival_hallway, layout_loops_cross, serial_forest,
          infiniplex_forest_straight_4, infiniplex_forest_clump_C,
          infiniplex_forest_clump_tiny, infiniplex_forest_clump_medium,
          infiniplex_forest_straight_2, infiniplex_forest_lined_ring,
          infiniplex_forest_3_way, infiniplex_forest_zigzag_2,
          dreamdust_ecumenical_altar_angels_and_demons, minmay_heptomino_h4
D:2:      layout_basic, basic_altar, minmay_unequal
D:3:      layout_rooms, serial_shops, shop, nicolae_shop_rolling_square,
          nicolae_shop_hallway_plus, nrook_loot_triangle, uniq_robin,
          uniq_crazy_yiuf_cottage

Skill      XL: |  1  2  3  4  5 |
---------------+----------------+-----
Stealth        | 1 |  1.0
Fighting       | 2 |  2.0
Unarmed Combat | 4 5 |  5.3
Dodging        | |  2.0
Shapeshifting  | |  3.5

Action                     |  1- 3 |  4- 6 || total
---------------------------+-------+-------++-------
  Melee: Unarmed           |    72 |    66 ||   138
         Tentacles         |    12 |    10 ||    22
         Constrict         |    22 |    18 ||    40
         Punch             |     3 |     2 ||     5
   Stab: Sleeping          |     7 |     2 ||     9
 Armour: Skin              |    28 |    25 ||    53
  Dodge: Dodged            |    52 |    48 ||   100
